 Dungeon Crawl Stone Soup version 0.29-a0-284-gf9362112df (webtiles) character file.

Game seed: 4536933870281467402

90 spaghetti the Skirmisher (level 4, -1/37 HPs)
             Began as a Demonspawn Transmuter on Mar 24, 2022.
             Slain by an orc priest
             ... wielding a +0 hand axe
              (8 damage)
             ... on level 3 of the Dungeon.
             The game lasted 00:04:36 (2896 turns).

spaghetti the Skirmisher (Demonspawn Transmuter)    Turns: 2896, Time: 00:04:37

Health: -1/37      AC:  2    Str: 11    XL:     4   Next: 32%
Magic:  5/7        EV: 12    Int: 16    God:
Gold:   135        SH:  4    Dex: 13    Spells: 4/7 levels left

rFire   . . .      SeeInvis +   i - +0 dagger (venom) {short}
rCold   . . .      Faith    .   (no shield)
rNeg    . . .      Spirit   .   a - +0 robe
rPois   .          Reflect  .   (no helmet)
rElec   .          Harm     .   (no cloak)
rCorr   .          Rampage  .   (no gloves)
Will    .....                   (no boots)
Stlth   +.........              (no amulet)
HPRegen 0.12/turn               c - ring of see invisible
MPRegen 0.10/turn               (no ring)

@: wereblooded, flying
A: condensation shield, weakness stinger 1
a: no special abilities


You were on level 3 of the Dungeon.
You visited 1 branch of the dungeon, and saw 3 of its levels.

You collected 135 gold pieces.


Innate Abilities, Weirdness & Mutations

A meltable shield of frost defends you. (SH +4)
You have a small tail.


   Skills:
 + Level 3.8 Fighting
 - Level 1.7 Dodging
 - Level 2.6 Unarmed Combat
 - Level 2.0 Spellcasting
 - Level 2.3 Transmutations


You had 4 spell levels left.
You knew the following spells:

 Your Spells              Type           Power      Damage    Failure   Level
a - Beastly Appendage     Tmut           18%        N/A       8%          1
b - Wereblood             Tmut           9%         N/A       12%         2

Your spell library contained the following spells:

 Spells                   Type           Power      Damage    Failure   Level
 Corpse Rot               Necr/Air       2%         N/A       30%         2
 Poisonous Vapours        Pois/Air       2%         N/A       30%         2
 Static Discharge         Conj/Air       1%         N/A       30%         2
 Spider Form              Tmut/Pois      5%         N/A       36%         3
 Ignite Poison            Fire/Tmut/Pois 4%         N/A       41%         3
 Mephitic Cloud           Conj/Pois/Air  1%         N/A       52%         3
 Ice Form                 Ice/Tmut       5%         N/A       77%         4
 Dispel Undead            Necr           1%         3d6       90%         4
 Sticky Flame             Conj/Fire      1%         2d3       90%         4
 Freezing Cloud           Conj/Ice/Air   0%         6-21      99%         5

Inventory:

Hand Weapons
 b - a +0 dagger {short}
   (You took it off a kobold on level 1 of the Dungeon)
 i - a +0 dagger of venom (weapon) {short}
   (You found it on level 1 of the Dungeon)
Missiles
 j - 4 curare-tipped darts {=fthrowing}
 l - 64 stones (quivered) {throwing}
 n - 8 poisoned darts {throwing}
Armour
 a - a +0 robe (worn)
 f - a +0 robe
   (You took it off a kobold on level 1 of the Dungeon)
Magical Staves
 v - a staff of fire {!astaff}
   (You found it on level 3 of the Dungeon)
Jewellery
 c - a ring of see invisible (left hand)
   (You took it off a kobold on level 1 of the Dungeon)
Wands
 u - a wand of charming (13)
   (You found it on level 3 of the Dungeon)
Scrolls
 e - a scroll of teleportation {unknown}
 g - a scroll of enchant armour {unknown}
 h - 2 scrolls of identify {unknown}
 k - 2 scrolls of fear {unknown}
 w - a scroll of fog {unknown}
Potions
 d - a potion of heal wounds {unknown}
 m - a potion of degeneration {unknown}
 o - a potion of attraction {!q}
 p - a potion of ambrosia {unknown}
 q - 3 potions of curing {unknown}
 r - a potion of lignification {!q}
 t - a potion of cancellation {unknown}

Dungeon Overview and Level Annotations

Branches:
Dungeon (3/15)

Altars:

###...#...##.......#
###.###..#.......#
#...##.#.......#
###.##.#.......#
#>............#
....##..........# .#
#.#........#
#.##.......#### #.
#...)@)....#
##......o.....#
###.....(....#
#....(.....#
#.......(..#
#..........#
#......(..(#
#.......(..#


You could see an orc priest.


Message History

An orc comes into view. It is wielding a +0 falchion.
An orc is nearby!
You throw a stone {throwing}.
The stone {throwing} barely misses the orc.
You throw a stone {throwing}.
The stone {throwing} hits the orc but does no damage.
You throw a stone {throwing}.
The stone {throwing} barely misses the orc.
You throw a stone {throwing}.
The stone {throwing} hits the orc but does no damage.
You throw a stone {throwing}.
The stone {throwing} hits the orc but does no damage.
You barely miss the orc. The orc hits you with a +0 falchion.
You barely miss the orc.
Your tail-slap misses the orc.
The orc hits you with a +0 falchion.
You hit the orc.
The orc is poisoned.
The orc hits you with a +0 falchion.
You are too injured to fight recklessly! 😮 HP[-10]
You take 10 damage, and now have 27/37 hp.
MASSIVE DAMAGE!! (PAUSE)
You barely miss the orc. The orc barely misses you.
You closely miss the orc. You punch the orc, but do no damage.
The orc barely misses you.
You closely miss the orc. The orc closely misses you.
You hit the orc but do no damage. The orc closely misses you.
You hit the orc but do no damage.
The orc looks as sick as possible!
The orc hits you with a +0 falchion! 😮 HP[-7]
You take 7 damage, and now have 20/37 hp.
You hit the orc.
The orc looks as sick as possible!
You kill the orc! 😮 HP[+1]
v - a staff of fire {!astaff} Key pressed, stopping explore.
Key pressed, stopping explore.
w - a scroll labelled ZIER VABYGG 😎 HP[+16]
Your hp is fully restored (37).
An orc wizard comes into view. It is wielding a +0 dagger.
The orc wizard shouts!
An orc wizard is nearby!
An orc wizard is nearby!
You throw a stone {throwing}.
The stone {throwing} hits the orc wizard but does no damage.
The orc wizard casts a spell.
The orc wizard flickers and vanishes for a moment.
You throw a stone {throwing}.
The stone {throwing} closely misses the orc wizard.
You throw a stone {throwing}.
The stone {throwing} barely misses the orc wizard.
You throw a stone {throwing}.
The stone {throwing} hits the orc wizard but does no damage.
An orc priest comes into view. It is wielding a +0 hand axe.
You throw a stone {throwing}. The orc priest shouts!
The stone {throwing} hits the orc wizard but does no damage.
You hit the orc wizard.
The orc wizard is poisoned.
The orc wizard misses you.
You barely miss the orc wizard.
The orc priest calls down the wrath of Beogh upon you.
Beogh smites you! The orc wizard barely misses you.
You hit the orc wizard.
Your tail-slap misses the orc wizard.
The orc priest casts a cantrip, but nothing happens.
You block the orc wizard's attack.
You miss the orc wizard. You tail-slap the orc wizard.
You closely miss the orc wizard.
The orc wizard hits you with a +0 dagger. 😮 HP[-13]
You take 13 damage, and now have 24/37 hp.
MASSIVE DAMAGE!! (PAUSE)
You barely miss the orc wizard. The orc wizard casts a spell at you.
The magic dart hits you. 😮 HP[-4]
You take 4 damage, and now have 20/37 hp.
You barely miss the orc wizard. Your punch misses the orc wizard.
The orc wizard completely misses you. 😮 HP[+1]
Casting: Wereblood (safe; 12% risk of failure)
Confirm with . or Enter, or press ? or * to list all spells.
Your blood is infused with primal strength.
The orc priest hits you but does no damage.
You block the orc wizard's attack. 😮 MP[-2]
You lost 2 mp, and now have 5/7 mp.
You hit the orc wizard but do no damage.
The orc wizard looks even sicker.
The orc priest invokes the aid of Beogh against you.
Beogh smites you!
* * * LOW HITPOINT WARNING * * *
The orc wizard hits you with a +0 dagger.
* * * LOW HITPOINT WARNING * * *
😱 HP[-15]
You take 15 damage, and now have 6/37 hp.
MASSIVE DAMAGE!! (PAUSE) It was a potion of flight.
You feel very buoyant.
You fly up into the air.
You feel a bit better.
You kill the orc wizard!
The orc priest hits you with a +0 hand axe!
You die...

Skill      XL: |  1  2  3 |
---------------+----------+-----
Transmutations | 2 |  2.3
Fighting       | 2 3 |  3.8
Dodging        | |  1.7
Unarmed Combat | |  2.6
Spellcasting   | |  2.0

Action                   |  1- 3 |  4- 6 || total
-------------------------+-------+-------++-------
Melee: Unarmed           |    42 |       ||    42
       Headbutt          |     7 |       ||     7
       Kick              |    17 |       ||    17
       Dagger            |   105 |    24 ||   129
       Tailslap          |     7 |     2 ||     9
       Punch             |     3 |     1 ||     4
Throw: Stone             |     8 |    28 ||    36
 Cast: Beastly Appendage |    19 |       ||    19
       Wereblood         |    11 |     1 ||    12
  Use: Potion            |     2 |     1 ||     3
 Stab: Sleeping          |     1 |       ||     1
Armor: Skin              |     8 |       ||     8
       Robe              |    21 |     1 ||    22
Dodge: Dodged            |    92 |     8 ||   100
Block: Other             |    23 |     2 ||    25

Levels and vault maps discovered:
D:1:      minmay_arrival_cross, layout_basic, minmay_hexomino_u4
D:2:      layout_loops_ring
D:3:      layout_rooms, mainiacjoe_overflow_alcove_2, serial_shops, shop,
          uniq_robin

Notes
Turn   | Place    | Note
-------+----------+-------------------------------------------
     0 | D:1      | spaghetti the Demonspawn Transmuter began the quest for the
                  | Orb.
     0 | D:1      | Reached XP level 1. HP: 15/15 MP: 3/3
     0 | D:1      | magus.rc [v1.9.6]
     4 | D:1      | You pick up a book of Touch and begin reading...
     4 | D:1      | You add the spells Static Discharge, Sticky Flame and
                  | Dispel Undead to your library.
    48 | D:1      | Reached skill level 2 in Transmutations
    55 | D:1      | Gained mutation: A meltable shield of frost defends you.
                  | (SH +4) [demonic ancestry]
    55 | D:1      | Reached XP level 2. HP: 9/21 MP: 5/5
    73 | D:1      | HP: 4/21 [frilled lizard (3)]
   122 | D:1      | HP: 4/21 [hobgoblin (4)]
   458 | D:1      | You add the spells Ignite Poison, Mephitic Cloud and
                  | Freezing Cloud to your library.
   478 | D:1      | Learned a level 2 spell: Wereblood
   546 | D:1      | Reached skill level 2 in Fighting
   942 | D:1      | Gained mutation: You have a small tail. [demonic ancestry]
   942 | D:1      | Reached XP level 3. HP: 28/28 MP: 3/6
  1284 | D:1      | You pick up a book of Vapours and begin reading...
  1284 | D:1      | You add the spells Poisonous Vapours and Corpse Rot to your
                  | library.
  1614 | D:2      | Reached skill level 3 in Fighting
  2376 | D:2      | Reached XP level 4. HP: 26/35 MP: 7/7
  2895 | D:3      | HP: 9/37 [orc priest/divine providence (12)]
  2896 | D:3      | Slain by an orc priest

Vanquished Creatures
  An orc wizard (D:3)
  3 adders (D:2)
  A worm (D:2)
  A dart slug (D:1)
  An orc (D:3)
  6 ball pythons
  4 bats
  4 endoplasms (D:1)
  5 giant cockroaches
  2 goblins
  7 hobgoblins
  4 jackals (D:1)
  3 quokkas (D:1)
  4 frilled lizards
  4 kobolds
  4 rats
54 creatures vanquished.

Table legend:
 A = Non-vault XP
 B = Vault XP
 C = Vault XP percentage of total XP
 D = Non-vault monster count
 E = Vault monster count
 F = Vault count percentage of total count
                 A         B        C        D         E       F
            +---------+---------+-------+---------+---------+-------
      Total |     151 |      14 |   8.5 |      47 |       7 |  13.0
            +---------+---------+-------+---------+---------+-------
        D:1 |      47 |      14 |  23.0 |      26 |       7 |  21.2
        D:2 |      64 |       0 |   0.0 |      18 |       0 |   0.0
        D:3 |      40 |       0 |   0.0 |       3 |       0 |   0.0
            +---------+---------+-------+---------+---------+-------

Illustrated notes

Table legend:
 A = Kills in this place as a percentage of kills in entire the game.
 B = Kills by you in this place as a percentage of kills by you in the entire game.
 C = Kills by friends in this place as a percentage of kills by friends in the entire game.
 D = Other kills in this place as a percentage of other kills in the entire game.
 E = Experience gained in this place as a percentage of experience gained in the entire game.
 F = Experience gained in this place divided by the number of levels of this place that you have seen.
                   A       B       C       D       E      F
               +-------+-------+-------+-------+-------+----------------------
         Total | 100.0 | 100.0 |   N/A |   N/A | 100.0 |  55.0
       Dungeon | 100.0 | 100.0 |   N/A |   N/A | 100.0 |  55.0
               +-------+-------+-------+-------+-------+----------------------

Table legend: (Time is in decaauts)
 A = Elapsed time spent in this place.
 B = Non-inter-level travel time spent in this place.
 C = Inter-level travel time spent in this place.
 D = Time resting spent in this place.
 E = Time spent auto-exploring this place.
 F = Levels seen in this place.
 G = Mean time per level.
                   A        B        C        D        E       F      G
               +--------+--------+--------+--------+--------+-----+--------+
         Total |   2895 |   2859 |     36 |    308 |   2126 |   3 |  965.0 |
       Dungeon |   2895 |   2859 |     36 |    308 |   2126 |   3 |  965.0 |
               +--------+--------+--------+--------+--------+-----+--------+

Top non-repeatable levels by time:
     D:1: 1585 daAuts
     D:2: 1073 daAuts
     D:3: 237 daAuts
